Map: Arctic Dream LE

Players

Duffman - Winner!

  • Race: Terran Terran
  • Spawn Location: 11:00

Ivadios - Winner!

  • Race: Zerg Zerg
  • League: Bronze
  • Spawn Location: 12:00

Orkart

  • Race: Protoss Protoss
  • League: Gold
  • Spawn Location: 5:00

MaxFire

  • Race: Zerg Zerg
  • League: Platinum
  • Spawn Location: 6:00

VOD

Have the link to the VOD?

Description

Time

  • Played on: June 4, 2020, 1:50 p.m.
  • Length: 6:37
Show
View Real Time Build Order
Export as new Build Order

Duffman Terran - Winner!

Build Orders:  

Get SALT Encoding   

  12  0:02  SCV  
  14  0:14  SCV  
  14  0:20  Supply Depot  
  14  0:26  SCV  
  14  0:28  Refinery  
  15  0:42  SCV  
  16  0:47  Barracks  
  16  0:54  SCV  
  17  1:04  Supply Depot  
  17  1:19  Barracks  
  17  1:27  Barracks  
  17  1:35  Barracks  
  17  1:38  Reaper  
  18  1:50  Orbital Command  
  18  2:04  Barracks  
  18  2:31  Marine  
  19  2:50  Marine  
  20  2:52  Marine x3  
  23  3:08  Marine  
  23  3:09  Marine  
  23  3:10  Marine x2  
  26  3:20  Marine  
  26  3:24  Supply Depot  
  26  3:26  Marine  
  28  3:27  Marine x2  
  28  3:28  Marine  
  28  3:29  Command Center  
  31  3:38  Marine  
  32  3:44  Marine  
  32  3:45  Marine x3  
  36  3:55  Marine  
  36  4:02  Marine  
  33  4:03  Marine x3  
  32  4:13  Marine  
  33  4:19  Marine  
  33  4:21  Marine x3  
  33  4:23  Supply Depot  
  37  4:31  Marine  
  37  4:37  Marine  
  39  4:38  Marine  
  39  4:39  Marine x2  
  36  4:49  Marine  
  37  4:55  Marine  
  37  4:56  Marine x2  
  37  4:57  Marine, Orbital Command  
  41  5:02  Refinery  
  41  5:07  Marine  
  42  5:24  SCV x2  
  42  5:27  Marine x3  
  47  5:36  SCV x2  
  48  5:48  SCV  
  39  6:00  Marine x5  
  44  6:17  Marine  
  44  6:18  Marine x4  
Show
View Real Time Build Order
Export as new Build Order

Ivadios Zerg - Winner!

Build Orders: Pool First 

Get SALT Encoding   

  13  0:07  Drone  
  13  0:31  Drone  
  14  0:43  Spawning Pool  
  14  0:48  Overlord x2  
  13  1:09  Overlord x2  
  13  1:35  Evolution Chamber  
  12  1:46  Extractor  
  11  1:51  Queen  
  13  2:12  Drone  
  13  2:13  Drone x2  
  16  2:35  Hatchery  
  15  2:48  Drone x2  
  15  2:49  Drone  
  18  3:14  Zergling x2  
  18  3:15  Zergling x2  
  20  3:24  Drone  
  21  4:06  Metabolic Boost  
  21  4:08  Zerg Melee Weapons Level 1  
  21  4:13  Lair  
  21  4:15  Drone x2  
  23  4:36  Drone x3  
  26  4:40  Queen  
  28  4:58  Zergling x10  
  28  4:59  Zergling x2  
  34  5:42  Zergling x2  
  35  5:43  Zergling x14  
Show
View Real Time Build Order
Export as new Build Order

Orkart Protoss 

Build Orders:  

Get SALT Encoding   

  12  0:01  Probe  
  13  0:13  Probe  
  14  0:25  Probe, Pylon  
  15  0:45  Gateway  
  15  0:48  Probe  
  16  0:53  Assimilator  
  16  1:00  Probe  
  17  1:12  Probe  
  18  1:24  Probe  
  19  1:33  Cybernetics Core  
  19  1:36  Probe  
  20  1:40  Assimilator  
  20  1:48  Probe  
  20  1:52  Nexus  
  21  2:01  Probe  
  22  2:06  Pylon  
  22  2:10  Warp Gate  
  22  2:18  Forge  
  22  2:22  Pylon  
  22  2:40  Stalker (Chrono Boost)  
  24  2:55  Photon Cannon  
  24  2:58  Photon Cannon  
  24  3:06  Shield Battery  
  24  3:18  Probe (Chrono Boost)  
  25  3:20  Protoss Ground Weapons Level 1 (Chrono Boost)  
  26  3:28  Probe (Chrono Boost)  
  26  3:33  Probe (Chrono Boost)  
  26  3:34  Twilight Council  
  27  3:44  Probe  
  28  3:56  Probe  
  28  3:59  Stalker  
  31  4:07  Shield Battery  
  31  4:08  Probe, Blink (Chrono Boost)  
  32  4:30  Stalker  
  34  4:32  Probe (Chrono Boost)  
  34  4:36  Assimilator  
  35  4:42  Probe (Chrono Boost)  
  36  4:47  Probe (Chrono Boost)  
  37  4:55  Stalker  
  37  4:59  Probe  
  40  5:07  Probe  
  40  5:11  Probe  
  42  5:17  Gateway  
  42  5:18  Gateway  
  42  5:19  Probe  
  42  5:20  Gateway  
  43  5:23  Probe  
  44  5:28  Templar Archives  
  44  5:32  Probe  
  44  5:35  Probe  
  46  5:40  Assimilator  
  46  5:47  Probe  
  41  5:59  Probe  
  40  6:13  Stalker  
Show
View Real Time Build Order
Export as new Build Order

MaxFire Zerg 

Build Orders: Hatch First 

Get SALT Encoding   

  12  0:01  Drone  
  13  0:12  Overlord  
  13  0:16  Drone  
  14  0:31  Drone x2  
  16  0:38  Drone  
  17  0:53  Hatchery  
  17  0:56  Drone  
  17  0:59  Extractor  
  17  1:03  Drone  
  17  1:07  Drone  
  18  1:18  Spawning Pool  
  18  1:20  Drone  
  18  1:31  Drone  
  19  1:39  Overlord  
  19  2:05  Metabolic Boost  
  19  2:06  Queen x2  
  19  2:07  Zergling x4  
  19  2:08  Zergling x2  
  26  2:12  Zergling x2  
  27  2:16  Drone  
  27  2:22  Drone  
  29  2:39  Drone x3  
  32  3:03  Drone  
  32  3:04  Drone x3  
  36  3:19  Overlord x2  
  36  3:27  Extractor  
  35  3:28  Drone  
  36  3:39  Roach Warren  
  35  3:43  Evolution Chamber  
  35  3:44  Hatchery  
  35  3:45  Evolution Chamber, Drone x3  
  35  3:46  Drone  
  35  3:48  Drone x3  
  36  4:10  Zergling x6  
  36  4:12  Drone x3  
  42  4:24  Zergling x4  
  40  4:49  Zergling x6  
  40  4:50  Drone x2  
  40  4:51  Drone  
  46  4:58  Lair  
  46  5:01  Roach x2  
  46  5:03  Queen  
  50  5:22  Roach  
  50  5:23  Roach x2  
  50  5:24  Overlord  
  50  5:25  Overlord  
  43  6:00  Roach  
  43  6:01  Roach x15  
  73  6:08  Zergling x2  
Tags
 
Add a new tag
Caveats
  • Supply blocks, unpowered buildings, or Contaminate may cause inaccurate times.
  • Supply counts are checked every 10 seconds.